Cogmind - Beta 12 --- EXPLORER MODE // 2023.03.13 @ 16:31:55 Player: AI52487963 Result: Destroyed by Lightning with EMDS Performance ------------- Evolutions (4) 2000 Regions Visited (14) 2800 Robots Destroyed (124) 620 Value Destroyed (6875) 6875 Prototype IDs (39) 780 Alien Tech Used (0) 0 Bonus (2729) 2729 TOTAL SCORE: 15804 Bonus ------- High Alert Combat Kills 1042 Follower Combat Kills 125 Entered Garrisons 400 Used RIF Installer 1000 Network Hubs Disabled 200 Aligned with FarCom 300 Friendly Fire -338 Cogmind --------- Core Integrity 0/850 Matter 272/450 Energy 100/100 System Corruption 17% Temperature Cool (0) Movement Core (1500) Ox29 Location -6/Hub_04(d) Parts ------- > --- POWER (1) -------- (None) > --- PROPULSION (4) --- (None) > --- UTILITY (9) ------ Huge Storage Unit Large Matter Pod (fused) Gravity Neutralizer Enhanced Optical Array Graphene Brace Relay Coupler [Sentry] (8) Relay Coupler [Hunter] (2) > --- WEAPON (2) ------- Force Lance > --- INVENTORY (25) --- Carbon-fiber Leg Carbon-fiber Leg Target Analyzer Relay Coupler [NC] (44) Relay Coupler [Grunt] (34) Relay Coupler [Brawler] (42) Advanced Variable Charge Gun KE Penetrator Heavy Flak Cannon Heavy Flak Cannon Heavy Linear Accelerator Heavy Linear Accelerator Heavy Missile Launcher Peak State ------------ > --- POWER ------------ Fission Core > --- PROPULSION ------- Medium Treads Improved Medium Treads Advanced Medium Treads Advanced Medium Treads > --- UTILITY ---------- Huge Storage Unit Large Matter Pod Large Matter Pod Kinecellerator Hardened Medium Armor Plating Improved Light Armor Plating Improved Light Armor Plating Graphene Brace Hacking Suite > --- WEAPON ----------- Heavy Linear Accelerator > --- INVENTORY -------- Improved Deuterium Engine Improved Deuterium Engine Wheel Gravity Neutralizer Enhanced Optical Array Relay Coupler [NC] Relay Coupler [Grunt] Relay Coupler [Brawler] Relay Coupler [Sentry] Relay Coupler [Hunter] Railgun Railgun Heavy Linear Accelerator Heavy Missile Launcher Advanced Datajack Force Lance [Rating: 78] Favorites ----------- Power Enhanced Nuclear Core Engine Improved Deuterium Engine Power Core Enhanced Nuclear Core Propulsion Light Treads Treads Light Treads Leg Aluminum Leg Wheel Wheel Hover Unit Improved Hover Unit Flight Unit Flying Fortress v7 Utility Large Matter Pod Device Microactuators Storage Large Matter Pod Processor Targeting Computer Hackware Hacking Suite Protection Improved Light Armor Plating Weapon Railgun Energy Gun Advanced Variable Charge Gun Ballistic Gun Railgun Ballistic Cannon Heavy Flak Cannon Launcher Missile Launcher Impact Weapon Great Maul Slashing Weapon Power Sword Piercing Weapon Force Lance Special Melee Weapon Advanced Datajack Build | -11 -10 -10 -10 -9 -8 -7 -7 -7 -7 -6 -6 -6 -6 -6 ------- Run | Jun Mat Min Exi Min Mat Fac Gar Fac Gar Fac Ext Cet Arc Hub Slots Evolved 9 | . 1 . . . 4 2 . . . 2 . . . . Power . | . . . . . . . . . . . . . . . Propulsion 2 | . . . . . 2 . . . . . . . . . Utility 7 | . 1 . . . 2 2 . . . 2 . . . . Weapon . | . . . . . . . . . . . . . . . Parts Attached 143 | 7 2 2 . . 17 . 35 7 3 9 9 18 5 29 Power 14 | 1 1 . . . 2 . 3 . . 3 1 . 1 2 Engine 8 | 1 1 . . . 1 . 2 . . 1 . . . 2 Core 6 | . . . . . 1 . 1 . . 2 1 . 1 . Reactor . | . . . . . . . . . . . . . . . Propulsion 30 | 2 . 1 . . 1 . 11 2 . 2 . 3 . 8 Treads 15 | . . . . . . . 11 2 . 2 . . . . Leg 11 | 2 . 1 . . . . . . . . . 2 . 6 Wheel 1 | . . . . . . . . . . . . 1 . . Hover 1 | . . . . . . . . . . . . . . 1 Flight 2 | . . . . . 1 . . . . . . . . 1 Utility 31 | 2 1 1 . . 4 . 7 2 1 3 2 4 1 3 Device 9 | . . . . . 2 . 2 . . 2 1 1 . 1 Storage 6 | 1 1 1 . . . . 2 . . . 1 . . . Processor 5 | 1 . . . . 1 . . 1 1 . . . . 1 Hackware 3 | . . . . . 1 . . . . . . 1 1 . Protection 8 | . . . . . . . 3 1 . 1 . 2 . 1 Artifact . | . . . . . . . . . . . . . . . Weapon 68 | 2 . . . . 10 . 14 3 2 1 6 11 3 16 Energy Gun 1 | . . . . . . . . . . . . 1 . . Energy Cannon . | . . . . . . . . . . . . . . . Ballistic Gun 28 | 2 . . . . 2 . 3 2 2 . 4 7 2 4 Ballistic Cannon 13 | . . . . . 2 . 3 . . . 1 1 . 6 Launcher 4 | . . . . . 2 . 1 . . . . . . 1 Special Weapon . | . . . . . . . . . . . . . . . Impact Weapon 3 | . . . . . 1 . 2 . . . . . . . Slashing Weapon 7 | . . . . . 3 . 4 . . . . . . . Piercing Weapon 8 | . . . . . . . 1 1 . 1 1 . . 4 Special Melee Weapon 4 | . . . . . . . . . . . . 2 1 1 Unidentified Prototypes 5 | . . . . . 1 . . . . 1 . 2 . 1 Corrupted Parts 1 | . . . . . . . 1 . . . . . . . System Corruption 4 | . . . . . . . 4 . . . . . . . Parts Lost 39 | . . . . . . . 13 1 . . . 6 4 15 Power 5 | . . . . . . . 2 . . . . . 1 2 Propulsion 18 | . . . . . . . 5 1 . . . 3 1 8 Utility 11 | . . . . . . . 4 . . . . 3 1 3 Weapon 5 | . . . . . . . 2 . . . . . 1 2 Highest Loss Streak 7 | . . . . . . . 6 1 . . . 3 3 7 To Critical Strikes 1 | . . . . . . . 1 . . . . . . . Average Slot Usage (%) 81 | . 73 75 75 75 62 64 80 92 100 89 99 82 81 79 Engine 4 | . 9 12 12 12 5 . 2 7 7 5 3 . . 3 Core 2 | . . . . . 2 7 4 . . . 2 6 4 1 Treads 13 | . . . . . . . 20 23 28 25 25 12 1 . Leg 6 | . 24 25 25 25 3 . . . . . . 1 12 15 Device 7 | . . . . . 11 14 8 7 3 7 12 10 6 9 Storage 13 | . 12 12 12 12 8 7 13 21 21 18 18 13 12 12 Processor 4 | . 12 12 12 12 8 7 1 6 10 6 6 . . 3 Hackware 6 | . . . . . 2 7 7 7 7 6 6 10 17 17 Protection 6 | . . . . . . . 10 7 7 6 12 12 7 . Ballistic Gun 7 | . 14 12 12 12 8 7 4 11 14 11 9 8 9 5 Impact Weapon 1 | . . . . . . 7 3 . . . . . . . Naked Turns . | . . . . . . . . . . . . . . . Heaviest Build 142 | 19 27 47 47 47 59 56 86 78 78 80 124 142 116 128 Greatest Support 135 | 20 20 20 20 20 59 59 135 135 100 118 118 118 10 77 Greatest Overweight (x) 35 | 4 2 2 2 2 2 . 4 1 . . 1 11 11 35 Average Overweight (x) 1 | . . 1 2 2 . . . . . . . 4 10 3 Largest Inventory Capacity 25 | 10 15 20 20 20 20 20 20 20 20 20 25 25 25 25 Average Capacity 20 | 9 13 18 20 20 20 20 20 20 20 20 21 25 25 25 Most Carried 21 | 6 9 8 11 13 14 9 20 19 20 20 20 21 17 18 Average Carried 15 | 3 7 7 8 12 9 9 18 17 19 19 18 17 16 16 Final Capacity 25 | 10 15 20 20 20 20 20 20 20 20 20 25 25 25 25 Final Carried 19 | 6 8 7 11 13 9 9 19 19 19 19 19 17 17 15 Class Distribution -------------------- 52% | Hacker-Mutant 29% | Bothacker-Mutant 9% | Bothacker-Skirmisher 5% | Hacker-Scout 3% | Bothacker-Assassin Dominant Class ---------------- Hacker-Mutant | -10/Materials Hacker-Mutant | -10/Mines Hacker-Mutant | -10/Exiles Hacker-Mutant | -9/Mines Hacker-Scout | -8/Materials Hacker-Scout | -7/Factory Hacker-Mutant | -7/Garrison Bothacker-Mutant | -7/Factory Bothacker-Mutant | -7/Garrison Bothacker-Skirmisher | -6/Factory Bothacker-Skirmisher | -6/Extension Bothacker-Mutant | -6/Cetus Bothacker-Mutant | -6/Archives Bothacker-Mutant | -6/Hub_04(d) Resources | -11 -10 -10 -10 -9 -8 -7 -7 -7 -7 -6 -6 -6 -6 -6 ----------- Run | Jun Mat Min Exi Min Mat Fac Gar Fac Gar Fac Ext Cet Arc Hub Matter Collected 3461 | 296 51 56 . . 237 91 761 . 47 238 309 775 127 473 Remotely 10 | . . . . . . . 10 . . . . . . . Salvage Created 5256 | 173 132 81 . . 275 . 2239 83 166 379 532 381 154 661 Parts 255 | 10 11 3 . . 17 . 88 10 13 17 25 15 6 40 Haulers Intercepted . | . . . . . . . . . . . . . . . Recyclers Shooed 1 | . . . . . . . . . . . 1 . . . Parts Field Recycled . | . . . . . . . . . . . . . . . Retrieved Matter . | . . . . . . . . . . . . . . . Parts Self-Destructed . | . . . . . . . . . . . . . . . Prevented . | . . . . . . . . . . . . . . . Kills | -11 -10 -10 -10 -9 -8 -7 -7 -7 -7 -6 -6 -6 -6 -6 ------- Run | Jun Mat Min Exi Min Mat Fac Gar Fac Gar Fac Ext Cet Arc Hub Combat Hostiles Destroyed 104 | . 5 2 . . 11 . 44 1 3 5 7 12 2 12 Melee 22 | . . . . . 4 . 18 . . . . . . . Guns 42 | . 5 2 . . 1 . 7 1 3 5 2 8 2 6 Cannons 21 | . . . . . . . 7 . . . 5 4 . 5 AOE 8 | . . . . . 6 . 1 . . . . . . 1 Classes Destroyed 15 | 2 3 . . . 1 . 5 1 . 1 2 . . . Worker 3 | . . . . . . . . . . 1 . . . 2 Builder 1 | . . . . . . . . . . . 1 . . . Tunneler 3 | 3 . . . . . . . . . . . . . . Recycler 3 | 1 . . . . . . . . . . 1 . . 1 Operator 1 | . . . . . . . . 1 . . . . . . Watcher 8 | . 1 . . . 2 . . . . . 2 1 . 2 Swarmer 22 | . 4 . . . 4 . 9 . . . . 5 . . Grunt 24 | . 1 2 . . 4 . 8 . . . . 2 . 7 Duelist 7 | . . . . . . . 7 . . . . . . . Sentry 26 | . . . . . 3 . 9 1 . 5 4 . 2 2 Specialist 6 | . . . . . . . 4 . 2 . . . . . Hunter 5 | . . . . . . . 2 . 1 . 1 . . 1 Programmer 8 | . . . . . . . 5 . . . . 1 . 2 Behemoth 2 | . . . . . . . . . . . 2 . . . Cetus Guard 4 | . . . . . . . . . . . . 4 . . Savage 1 | . . . . . . . 1 . . . . . . . Best Kill Streak 9 | 4 3 2 . . 7 . 9 1 3 4 7 4 1 4 Combat Bots Only 9 | . 2 2 . . 6 . 9 1 3 3 4 4 1 3 Max Kills in Single Turn 2 | 1 1 1 . . 2 . 2 1 1 1 1 2 1 2 Gunslinging 1 | . . . . . . . 1 . . . . 1 . . Exploded 1 | . . . . . 1 . 1 . . . . . . 1 Melee 1 | . . . . . 1 . 1 . . . . . . . Uniques/NPCs Destroyed . | . . . . . . . . . . . . . . . Combat | -11 -10 -10 -10 -9 -8 -7 -7 -7 -7 -6 -6 -6 -6 -6 -------- Run | Jun Mat Min Exi Min Mat Fac Gar Fac Gar Fac Ext Cet Arc Hub Damage Taken 8733 | . 32 56 . . 377 . 3345 88 115 285 361 1576 747 1751 Core 1465 | . 9 23 . . 27 . 531 6 9 16 42 191 48 563 Absorbed by Shields 35 | . . . . . . . 35 . . . . . . . Redirected to Shielding 38 | . . . . . . . 38 . . . . . . . Core Remaining (%) 76 | 100 . . . 87 95 . . . 22 . . . . . Volleys Fired 227 | 5 9 12 . . 22 . 31 5 10 14 22 52 5 40 Largest 2 | 2 1 1 . . 1 . 2 2 2 2 2 2 2 2 Hottest 106 | 40 20 20 . . 36 . 84 70 70 70 83 83 70 106 Shots Fired 344 | 10 9 12 . . 22 . 46 10 18 28 30 78 9 72 Gun 244 | 10 9 12 . . 13 . 19 10 18 28 16 52 9 48 Cannon 82 | . . . . . . . 23 . . . 14 26 . 19 Launcher 18 | . . . . . 9 . 4 . . . . . . 5 Special . | . . . . . . . . . . . . . . . Kinetic 326 | 10 9 12 . . 13 . 42 10 18 28 30 78 9 67 Thermal . | . . . . . . . . . . . . . . . Explosive 18 | . . . . . 9 . 4 . . . . . . 5 Electromagnetic . | . . . . . . . . . . . . . . . Robot Hit Streak 35 | 8 15 7 . . 6 . 17 14 15 30 35 22 17 18 Robot Miss Streak 3 | . 1 1 . . 1 . 3 1 1 . 1 2 . 3 Penetration Max 1 | . . . . . . . . . . 1 . 1 . 1 Secondary Targets 5 | . . . . . . . 1 . . . . 4 . . Max Gunslinging Chain 1 | . . . . . . . 1 . . . . 1 . . Shots Hit Robots 407 | 8 8 10 . . 29 . 130 8 16 25 25 72 12 64 Core Hits 211 | 4 6 5 . . 23 . 64 3 6 11 13 19 4 53 Critical Kills 5 | . . . . . . . . 1 . . 2 . . 2 Critical Parts Destroyed 17 | . . . . . . . 11 2 1 . 1 . 1 1 Critical Strikes 36 | . . . . . 1 . 19 3 1 1 5 2 1 3 Destroy 13 | . . . . . . . 1 3 1 1 3 . 1 3 Blast 4 | . . . . . . . . . . . 2 2 . . Smash 11 | . . . . . . . 11 . . . . . . . Sever 8 | . . . . . 1 . 7 . . . . . . . Melee Attacks 182 | . . . . . 19 . 136 1 . 3 1 2 4 16 Impact 72 | . . . . . 2 . 70 . . . . . . . Slashing 81 | . . . . . 17 . 64 . . . . . . . Piercing 22 | . . . . . . . 2 1 . 3 1 . . 15 Sneak Attacks 1 | . . . . . . . . . . . . . 1 . Combat Hostiles . | . . . . . . . . . . . . . . . Follow-up Attacks . | . . . . . . . . . . . . . . . Damage Inflicted 16607 | 110 107 134 . . 1373 . 5726 200 352 701 1408 3591 205 2700 Guns 4631 | 110 107 134 . . 150 . 265 200 352 701 323 1357 205 727 Cannons 4823 | . . . . . . . 869 . . . 1085 2234 . 635 Explosions 2097 | . . . . . 821 . 363 . . . . . . 913 Melee 5056 | . . . . . 402 . 4229 . . . . . . 425 Ramming . | . . . . . . . . . . . . . . . Kinetic 9454 | 110 107 134 . . 150 . 1134 200 352 701 1408 3591 205 1362 Thermal . | . . . . . . . . . . . . . . . Explosive 2097 | . . . . . 821 . 363 . . . . . . 913 Electromagnetic . | . . . . . . . . . . . . . . . Impact 2354 | . . . . . . . 2354 . . . . . . . Slashing 2177 | . . . . . 402 . 1775 . . . . . . . Piercing 525 | . . . . . . . 100 . . . . . . 425 Highest Corruption 17 | . . . . . 1 . 7 8 8 . . . . 17 Average Corruption 3 | . . . . . 1 . 2 7 8 . . . . 4 Corruption Purged . | . . . . . . . . . . . . . . . Corruption Blocked . | . . . . . . . . . . . . . . . Effects 100 | . . . . . 3 . 50 8 9 . . . . 30 Message Errors 22 | . . . . . . . 9 3 1 . . . . 9 Matter Fused 18 | . . . . . 1 . 10 1 3 . . . . 3 Heat Flow Errors 10 | . . . . . . . 5 1 . . . . . 4 Energy Discharges 10 | . . . . . 1 . 6 . . . . . . 3 Parts Fused 3 | . . . . . . . 2 . . . . . . 1 Data Loss (minor) 19 | . . . . . 1 . 10 3 2 . . . . 3 Data Loss (major) 4 | . . . . . . . 3 . 1 . . . . . Misfires 5 | . . . . . . . 3 . . . . . . 2 Alerts 5 | . . . . . . . 2 . . . . . . 3 Misdirections 2 | . . . . . . . . . . . . . . 2 Weapon Failures 2 | . . . . . . . . . 2 . . . . . Overload Shots . | . . . . . . . . . . . . . . . Overflow Damage 1116 | . . . . . 51 . 848 . . . 56 142 . 19 Projectiles 354 | . . . . . . . 147 . . . 56 142 . 9 Explosions 29 | . . . . . 19 . . . . . . . . 10 Melee 733 | . . . . . 32 . 701 . . . . . . . Knockbacks 19 | . . . . . . . 13 . . . 3 . . 3 Impact 7 | . . . . . . . 7 . . . . . . . Kinetic 9 | . . . . . . . 4 . . . 2 . . 3 Secondary 3 | . . . . . . . 2 . . . 1 . . . Self-Inflicted Damage 168 | . . . . . 16 . 152 . . . . . . . Shots 4 | . . . . . 1 . 3 . . . . . . . Rammed . | . . . . . . . . . . . . . . . Targets Rammed . | . . . . . . . . . . . . . . . Kicked . | . . . . . . . . . . . . . . . Crushed . | . . . . . . . . . . . . . . . Highest Temperature 333 | . . . . . 71 . 234 268 54 58 187 333 5 313 Average Temperature 78 | . . . . . 26 . 46 93 31 27 61 115 5 106 Received Heat Transfer 2323 | . 12 51 . . 171 . 958 24 36 150 108 150 198 465 Effects 9 | . . . . . . . . . . . . 5 . 4 Energy Bleed 2 | . . . . . . . . . . . . 1 . 1 Interference 5 | . . . . . . . . . . . . 2 . 3 Short Circuit 2 | . . . . . . . . . . . . 2 . . Siege Activations 1 | . . . . . . . 1 . . . . . . . Total Turns 6 | . . . . . . . 6 . . . . . . . Longest Duration 6 | . . . . . . . 6 . . . . . . . Robots Corrupted . | . . . . . . . . . . . . . . . Combat Hostiles . | . . . . . . . . . . . . . . . Parts Fried 18 | . . . . . . . 17 . . . 1 . . . Impact Corruptions 30 | . . . . . . . 29 . . . 1 . . . Robots Melted . | . . . . . . . . . . . . . . . Combat Hostiles . | . . . . . . . . . . . . . . . Parts Melted . | . . . . . . . . . . . . . . . Heat Transferred . | . . . . . . . . . . . . . . . Parts Sabotaged . | . . . . . . . . . . . . . . . Parts Stolen . | . . . . . . . . . . . . . . . Parts Stripped . | . . . . . . . . . . . . . . . Power Chain Reactions . | . . . . . . . . . . . . . . . Missiles Intercepted . | . . . . . . . . . . . . . . . Alert | -11 -10 -10 -10 -9 -8 -7 -7 -7 -7 -6 -6 -6 -6 -6 ------- Run | Jun Mat Min Exi Min Mat Fac Gar Fac Gar Fac Ext Cet Arc Hub Peak Influence 3537 | 20 186 101 . . 248 81 3537 1492 880 488 279 159 67 200 Initial 1379 | . 9 51 . . . 81 43 1379 805 343 96 14 22 10 Average 707 | 9 97 63 . . 97 81 1625 1434 844 311 61 80 38 62 Maximum Alert Level 5 | . . . . . 1 . 5 4 3 2 1 . . 1 Low Security (%) 52 | 100 100 100 . 100 76 100 2 . . 23 92 100 100 96 Level 1 7 | . . . . . 23 . 6 . . 62 7 . . 3 Level 2 5 | . . . . . . . 13 . . 14 . . . . Level 3 6 | . . . . . . . 10 . 100 . . . . . Level 4 10 | . . . . . . . 20 100 . . . . . . Level 5 17 | . . . . . . . 46 . . . . . . . High Security . | . . . . . . . . . . . . . . . Max Security . | . . . . . . . . . . . . . . . Squads Dispatched 14 | . 1 . . . 2 . . 3 . . 2 . . 6 Investigation 6 | . 1 . . . 2 . . . . . 1 . . 2 Extermination 4 | . . . . . . . . 1 . . . . . 3 Reinforcement 4 | . . . . . . . . 2 . . 1 . . 1 Assault . | . . . . . . . . . . . . . . . Garrison . | . . . . . . . . . . . . . . . Intercept . | . . . . . . . . . . . . . . . Searches Triggered . | . . . . . . . . . . . . . . . Construction Impeded . | . . . . . . . . . . . . . . . Haulers Reinforced 1 | . . . . . . . . . . . . . . 1 Active Scanning Responses . | . . . . . . . . . . . . . . . Cargo Convoy Interrupts . | . . . . . . . . . . . . . . . Stealth | -11 -10 -10 -10 -9 -8 -7 -7 -7 -7 -6 -6 -6 -6 -6 --------- Run | Jun Mat Min Exi Min Mat Fac Gar Fac Gar Fac Ext Cet Arc Hub Distress Signals 5 | . 1 . . . . . . . . . 2 1 . 1 Communications Jammed . | . . . . . . . . . . . . . . . Distress Signals . | . . . . . . . . . . . . . . . Times Spotted 158 | . 7 2 . . 18 2 50 5 3 5 14 22 6 24 Peak Tracking Total 7 | . 3 2 . . 6 2 7 2 3 2 3 5 3 5 Tactical Retreats 10 | . . . . . 1 . 6 1 . . 2 . . . Traps | -11 -10 -10 -10 -9 -8 -7 -7 -7 -7 -6 -6 -6 -6 -6 ------- Run | Jun Mat Min Exi Min Mat Fac Gar Fac Gar Fac Ext Cet Arc Hub Traps Triggered 9 | . 3 . . . 2 . 3 . . . . . . 1 Indirectly . | . . . . . . . . . . . . . . . Trap Hack Attempts . | . . . . . . . . . . . . . . . Triggered . | . . . . . . . . . . . . . . . Disarmed . | . . . . . . . . . . . . . . . Reprogrammed . | . . . . . . . . . . . . . . . Reused . | . . . . . . . . . . . . . . . Traps Extracted . | . . . . . . . . . . . . . . . Installed 1 | . . . . 1 . . . . . . . . . . Triggered 1 | . . . . . . . 1 . . . . . . . Machines | -11 -10 -10 -10 -9 -8 -7 -7 -7 -7 -6 -6 -6 -6 -6 ---------- Run | Jun Mat Min Exi Min Mat Fac Gar Fac Gar Fac Ext Cet Arc Hub Machines Disabled 13 | . . . . . 1 . 11 . . . . . 1 . Max in Single Turn 2 | . . . . . 1 . 2 . . . . . . . Garrison Relay 5 | . . . . . . . 5 . . . . . . . Phase Generator 1 | . . . . . . . 1 . . . . . . . Network Hub 1 | . . . . . . . . . . . . . . 1 Machines Repaired . | . . . . . . . . . . . . . . . Machines Sabotaged . | . . . . . . . . . . . . . . . Overloaded Fab Kills . | . . . . . . . . . . . . . . . Hacking | -11 -10 -10 -10 -9 -8 -7 -7 -7 -7 -6 -6 -6 -6 -6 --------- Run | Jun Mat Min Exi Min Mat Fac Gar Fac Gar Fac Ext Cet Arc Hub Machines Accessed 36 | . 2 . 2 . 6 2 3 4 . 3 5 2 1 6 Terminals 30 | . 2 . . . 6 . 3 3 . 3 5 2 . 6 Fabricators . | . . . . . . . . . . . . . . . Repair Stations . | . . . . . . . . . . . . . . . Recycling Units 1 | . . . . . . 1 . . . . . . . . Scanalyzers . | . . . . . . . . . . . . . . . Garrison Access 2 | . . . . . . 1 . 1 . . . . . . Total Hacks 82 | . 8 . 3 . 18 4 4 7 . 4 10 5 1 18 Successful 47 | . 5 . 3 . 6 2 4 3 . 2 4 5 1 12 Failed 35 | . 3 . . . 12 2 . 4 . 2 6 . . 6 Catastrophic 6 | . 1 . . . 4 . . . . . 1 . . . Database Lockouts . | . . . . . . . . . . . . . . . Manual 51 | . 6 . 1 . 17 . . 6 . 2 4 . . 15 Terminals 73 | . 8 . . . 18 . 4 6 . 4 10 5 . 18 Fabricators . | . . . . . . . . . . . . . . . Repair Stations . | . . . . . . . . . . . . . . . Recycling Units 2 | . . . . . . 2 . . . . . . . . Scanalyzers . | . . . . . . . . . . . . . . . Garrison Access 3 | . . . . . . 2 . 1 . . . . . . Terminal Hacks 33 | . 5 . 3 . 4 . 4 . . 2 2 5 1 7 Record 8 | . . . 2 . 1 . . . . . . 4 1 . Robot Analysis 1 | . . . . . 1 . . . . . . . . . Prototype ID Bank 4 | . 4 . . . . . . . . . . . . . Open Door 5 | . . . . . . . 1 . . 1 2 1 . . Open DSF 1 | . . . . . . . . . . 1 . . . . Level Access Points 1 | . . . . . 1 . . . . . . . . . Emergency Access Points 1 | . . . . . . . 1 . . . . . . . Terminal Index 2 | . . . . . 1 . . . . . . . . 1 Garrison Index 1 | . . . . . . . . . . . . . . 1 Surveillance Status 1 | . . . . . . . . . . . . . . 1 Registered Components 1 | . 1 . . . . . . . . . . . . . Zone Layout 4 | . . . . . . . . . . . . . . 4 Security Stations 2 | . . . . . . . 2 . . . . . . . EX-Prototype ID Bank 1 | . . . 1 . . . . . . . . . . . Fabricator Hacks . | . . . . . . . . . . . . . . . Repair Station Hacks . | . . . . . . . . . . . . . . . Recycling Unit Hacks 1 | . . . . . . 1 . . . . . . . . Report Inventory 1 | . . . . . . 1 . . . . . . . . Scanalyzer . | . . . . . . . . . . . . . . . Garrison Access Hacks 2 | . . . . . . 1 . 1 . . . . . . Unlock Access 2 | . . . . . . 1 . 1 . . . . . . Unauthorized Hacks 11 | . . . . . 2 . . 2 . . 2 . . 5 Terminals 11 | . . . . . 2 . . 2 . . 2 . . 5 Botnet 11 | . . . . . 2 . . 2 . . 2 . . 5 Fabricators . | . . . . . . . . . . . . . . . Repair Stations . | . . . . . . . . . . . . . . . Recycling Units . | . . . . . . . . . . . . . . . Scanalyzers . | . . . . . . . . . . . . . . . Garrison Access . | . . . . . . . . . . . . . . . Data Cores Recovered 1 | . . . . . . . . 1 . . . . . . Used 1 | . . . . . . . . 1 . . . . . . Hacking Detections 25 | . 2 . . . 5 1 1 4 . 3 3 1 . 5 Full Trace Events 7 | . 2 . . . 2 . . . . . 1 . . 2 Feedback Events 1 | . . . . . . . . . . . . . . 1 Corruption 1 | . . . . . . . . . . . . . . 1 Feedback Blocked . | . . . . . . . . . . . . . . . Robot Schematics Acquired . | . . . . . . . . . . . . . . . Robots Built . | . . . . . . . . . . . . . . . Authchips . | . . . . . . . . . . . . . . . Time . | . . . . . . . . . . . . . . . Total Robot Build Rating . | . . . . . . . . . . . . . . . Part Schematics Acquired . | . . . . . . . . . . . . . . . Parts Built . | . . . . . . . . . . . . . . . Authchips . | . . . . . . . . . . . . . . . Time . | . . . . . . . . . . . . . . . Total Part Build Rating . | . . . . . . . . . . . . . . . Parts Repaired . | . . . . . . . . . . . . . . . Time . | . . . . . . . . . . . . . . . Parts Recycled . | . . . . . . . . . . . . . . . Recycled Matter . | . . . . . . . . . . . . . . . Retrieved Matter . | . . . . . . . . . . . . . . . Retrieved Components . | . . . . . . . . . . . . . . . Parts Scanalyzed . | . . . . . . . . . . . . . . . Part Schematics Acquired . | . . . . . . . . . . . . . . . Parts Damaged . | . . . . . . . . . . . . . . . Bothacking | -11 -10 -10 -10 -9 -8 -7 -7 -7 -7 -6 -6 -6 -6 -6 ------------ Run | Jun Mat Min Exi Min Mat Fac Gar Fac Gar Fac Ext Cet Arc Hub Used RIF Installer 2 | . . . . . . . 1 . 1 . . . . . Signal Jammer 1 | . . . . . . . . . 1 . . . . . Robots Hacked 7 | . . . . . . . . . . . . 2 4 1 Non-combat 1 | . . . . . . . . . . . . . 1 . Combat 6 | . . . . . . . . . . . . 2 3 1 Robot Hacks Applied 7 | . . . . . . . . . . . . 2 4 1 parse_system 1 | . . . . . . . . . . . . . . 1 no_distress 1 | . . . . . . . . . . . . . 1 . streamctrl_high 4 | . . . . . . . . . . . . 1 3 . formatsys_high 1 | . . . . . . . . . . . . 1 . . Relay Couplers Released 27 | . . . . . . . 27 . . . . . . . Machine Destruction 24 | . . . . . . . 24 . . . . . . . Programmers 3 | . . . . . . . 3 . . . . . . . Attached 2 | . . . . . . . . . . . . 1 1 . Fabnet Peak Effective % . | . . . . . . . . . . . . . . . Robots Rewired . | . . . . . . . . . . . . . . . Allies Hacked . | . . . . . . . . . . . . . . . Hacks Repelled . | . . . . . . . . . . . . . . . Allies | -11 -10 -10 -10 -9 -8 -7 -7 -7 -7 -6 -6 -6 -6 -6 -------- Run | Jun Mat Min Exi Min Mat Fac Gar Fac Gar Fac Ext Cet Arc Hub Total Allies 10 | . . . . . . . 1 . . . 1 2 3 3 Largest Group 3 | . . . . . . . 1 . . . 1 1 1 3 Highest-Rated Group 93 | . . . . . . . 20 . . . 31 41 49 93 Highest-Rated Ally 49 | . . . . . . . 20 . . . 31 41 49 31 Total Orders . | . . . . . . . . . . . . . . . Ally Attacks 33 | . . . . . . . . . . . 4 11 5 13 Total Damage 913 | . . . . . . . . . . . 65 345 249 254 Kills 5 | . . . . . . . . . . . . 4 . 1 Allies Corrupted 2 | . . . . . . . . . . . . . . 2 Allies Melted . | . . . . . . . . . . . . . . . Intel | -11 -10 -10 -10 -9 -8 -7 -7 -7 -7 -6 -6 -6 -6 -6 ------- Run | Jun Mat Min Exi Min Mat Fac Gar Fac Gar Fac Ext Cet Arc Hub Robot Analysis Total 1 | . . . . . 1 . . . . . . . . . Derelict Logs Recovered 1 | . . 1 . . . . . . . . . . . . Drone Launches . | . . . . . . . . . . . . . . . Drone Recoveries . | . . . . . . . . . . . . . . . Exploration | -11 -10 -10 -10 -9 -8 -7 -7 -7 -7 -6 -6 -6 -6 -6 ------------- Run | Jun Mat Min Exi Min Mat Fac Gar Fac Gar Fac Ext Cet Arc Hub Turns Passed 12735 | 114 316 568 651 906 591 74 4506 295 268 647 1124 1087 396 1192 Spaces Moved 6247 | 65 187 233 251 339 629 87 2425 159 132 367 592 323 147 311 Core 43 | 15 . . . . . . 17 . . . . . . 11 Treads 3698 | . . . . . . . 2218 159 132 367 592 230 . . Legs 1364 | 50 187 233 251 339 46 . . . . . . . . 258 Wheels 275 | . . . . . . . . . . . . 93 147 35 Hover 7 | . . . . . . . . . . . . . . 7 Flight 860 | . . . . . 583 87 190 . . . . . . . Fastest Speed 50 | 50 120 190 260 260 50 50 50 150 155 152 152 232 215 190 Average Speed 176 | 120 155 229 260 260 65 50 164 156 155 154 169 266 236 287 Slowest Speed 1800 | 250 260 260 260 260 260 50 400 225 155 155 232 400 245 1800 Overloaded Moves . | . . . . . . . . . . . . . . . Propulsion Burnouts . | . . . . . . . . . . . . . . . Robots Hopped 1 | . . . . . 1 . . . . . . . . . Cave-ins Triggered . | . . . . . . . . . . . . . . . Exploration Rate (%) 49 | 5 45 50 63 86 58 4 98 7 28 10 77 87 91 36 Regions Visited 14 Branch Regions 7 Pre-discovered Areas 1 | . . 1 . . . . . . . . . . . . Known Exits Taken 12 | 1 1 1 1 1 1 1 . 1 . 1 1 1 1 . Unknown Exits Taken . | . . . . . . . . . . . . . . . Scrap Searched 3 | . . 1 . 2 . . . . . . . . . . Spaces Dug 15 | . . . . . 5 . 5 1 . 1 . . . 3 Terrain Destroyed 288 | . . . . . 64 . 149 4 . 6 6 27 . 32 Melee 15 | . . . . . 5 . 5 1 . 1 . . . 3 Projectile 49 | . . . . . . . 3 3 . 5 6 27 . 5 AOE 224 | . . . . . 59 . 141 . . . . . . 24 Terrain Rammed . | . . . . . . . . . . . . . . . Walls Destroyed . | . . . . . . . . . . . . . . . Machines Disabled . | . . . . . . . . . . . . . . . Actions | -11 -10 -10 -10 -9 -8 -7 -7 -7 -7 -6 -6 -6 -6 -6 --------- Run | Jun Mat Min Exi Min Mat Fac Gar Fac Gar Fac Ext Cet Arc Hub Total 7368 | 89 204 255 251 365 753 116 2725 192 176 410 674 458 188 512 Wait 397 | 2 2 7 . 24 45 30 19 17 29 10 40 53 25 94 Move 6231 | 64 186 232 250 338 626 86 2424 158 131 366 591 322 146 311 Hop 1 | . . . . . 1 . . . . . . . . . Pick Up 101 | 10 4 1 1 2 11 . 41 4 1 2 4 5 3 12 Fast Attach 11 | 4 . . . . . . 1 . . 5 . . . 1 Attach 76 | 3 1 1 . . 7 . 25 4 2 . 3 10 3 17 Detach 21 | . . . . . 3 . 6 . 1 . 3 3 . 5 Swap 56 | . 1 1 . . 10 . 9 3 1 4 6 8 2 11 Drop 49 | 1 1 1 . . 9 . 18 . 1 6 4 3 . 5 Fire 227 | 5 9 12 . . 22 . 31 5 10 14 22 52 5 40 Melee 182 | . . . . . 19 . 136 1 . 3 1 2 4 16 Ram . | . . . . . . . . . . . . . . . Kick . | . . . . . . . . . . . . . . . Crush . | . . . . . . . . . . . . . . . Escape Stasis 12 | . . . . . . . 12 . . . . . . . Rewire 3 | . . . . . . . 3 . . . . . . . Trap 1 | . . . . 1 . . . . . . . . . . Miscellaneous . | . . . . . . . . . . . . . . . Route ------- -11/Junkyard -10/Materials (discovered 2 exits: *Mat / *Min) -10/Mines (discovered 2 exits: *Mat / *Exi) -10/Exiles -9/Mines (discovered 2 exits: *Mat x2) -8/Materials (discovered 3 exits: *Fac x3) -7/Factory (discovered 2 exits: *Fac / Gar) -7/Garrison (discovered 3 exits: *Fac x3) -7/Factory (discovered 2 exits: *Fac / Gar) -7/Garrison -6/Factory (discovered 2 exits: *Low / *Ext) -6/Extension (discovered 3 exits: *Fac x2 / *Cet) -6/Cetus (discovered 2 exits: *Fac / *Arc) -6/Archives (discovered 3 exits: *Fac / *Hub x2) -6/Hub_04(d) History --------- Turn | Location | Event 4 | -11/Junkyard | Identified exit to Materials 4 | -11/Junkyard | Discovered exit to Materials (range 15) 115 | -11/Junkyard | Entered Materials 115 | -10/Materials | Evolved 1 slot: Utility x1 300 | -10/Materials | Build established: Hacker-Mutant 357 | -10/Materials | Identified exit to Mines 357 | -10/Materials | Discovered exit to Mines (range 16) 431 | -10/Materials | Identified exit to Materials 431 | -10/Materials | Discovered exit to Materials (range 15) 431 | -10/Materials | Entered Mines 459 | -10/Mines | Discovered exit to Materials (range 16) 682 | -10/Mines | Learned location of Zion (-7) 944 | -10/Mines | Deemed a non-threat by the Exiles lab entrance 944 | -10/Mines | Identified exit to Exiles 944 | -10/Mines | Discovered exit to Exiles (range 5) 999 | -10/Mines | Entered Exiles 1064 | -10/Exiles | Met 8R-AWN 1109 | -10/Exiles | Met EX-HEX 1189 | -10/Exiles | Met EX-BIN 1270 | -10/Exiles | Aligned with FarCom system 1272 | -10/Exiles | Given EX-Vault access code 1345 | -10/Exiles | Opened EX-Vault 1366 | -10/Exiles | Found Flying Fortress v7 1445 | -10/Exiles | Warned to stay clear of 0b10 Research branches 1451 | -10/Exiles | Exiles lab attacked by MAIN.C 1614 | -10/Exiles | Identified exit to Mines 1614 | -10/Exiles | Discovered exit to Mines (range 14) 1650 | -10/Exiles | Left Exiles lab with Flying Fortress v7 1650 | -10/Exiles | Entered Mines 1775 | -9/Mines | Found a hidden stash of uninstalled traps 1921 | -9/Mines | A weapon hastily lodged in a ceiling crevice suddenly fell to the ground 2515 | -9/Mines | Identified exit to Materials 2515 | -9/Mines | Discovered exit to Materials (range 9) 2528 | -9/Mines | Discovered exit to Materials (range 7) 2556 | -9/Mines | Entered Materials 2556 | -8/Materials | Evolved 4 slots: Propulsion x2, Utility x2 2995 | -8/Materials | Build established: Hacker-Scout 3048 | -8/Materials | Identified exit to Factory 3147 | -8/Materials | Entered Factory 3147 | -7/Factory | Evolved 2 slots: Utility x2 3218 | -7/Factory | Identified exit to Factory 3218 | -7/Factory | Discovered exit to Factory (range 15) 3220 | -7/Factory | Identified exit to Garrison 3221 | -7/Factory | Entered Garrison 3268 | -7/Garrison | Triggered checkpoint 3287 | -7/Garrison | Garrison Relay disabled 3366 | -7/Garrison | Triggered checkpoint 3408 | -7/Garrison | Triggered checkpoint 3479 | -7/Garrison | Lost 5 parts (1p2n1u1w) 3488 | -7/Garrison | Destroyed 9 combat bots 3594 | -7/Garrison | Garrison Relay disabled 3679 | -7/Garrison | Build established: Hacker-Mutant 3750 | -7/Garrison | Identified exit to Factory 3750 | -7/Garrison | Discovered exit to Factory (range 13) 4156 | -7/Garrison | Triggered checkpoint 4244 | -7/Garrison | Discovered exit to Factory (range 13) 4260 | -7/Garrison | Learned Factory security intel 4291 | -7/Garrison | Triggered checkpoint 4315 | -7/Garrison | Garrison Relay disabled 4418 | -7/Garrison | Triggered checkpoint 4556 | -7/Garrison | Discovered exit to Factory (range 9) 4670 | -7/Garrison | Triggered checkpoint 4710 | -7/Garrison | Garrison Relay disabled 5281 | -7/Garrison | Triggered checkpoint 5872 | -7/Garrison | Core integrity fell below 50% 6187 | -7/Garrison | Learned Factory security intel 6448 | -7/Garrison | Lost 6 parts (1p3n1u1w) 6658 | -7/Garrison | Garrison Relay disabled 6993 | -7/Garrison | Rescued a captive Derelict 7026 | -7/Garrison | Phase Generator disabled 7053 | -7/Garrison | Installed Relay Interface Framework 7597 | -7/Garrison | Build established: Bothacker-Mutant 7727 | -7/Garrison | Entered Factory 7823 | -7/Factory | Discovered exit to Factory (range 13) 8016 | -7/Factory | Identified exit to Garrison 8022 | -7/Factory | Entered Garrison 8074 | -7/Garrison | Triggered checkpoint 8250 | -7/Garrison | Expanded RIF knowledge: Signal Jamming 8270 | -7/Garrison | Discovered exit to Factory (range 13) 8290 | -7/Garrison | Entered Factory 8290 | -6/Factory | Evolved 2 slots: Utility x2 8806 | -6/Factory | Identified exit to Lower Caves 8806 | -6/Factory | Discovered exit to Lower Caves (range 8) 8838 | -6/Factory | Build established: Bothacker-Skirmisher 8907 | -6/Factory | Identified exit to Extension 8907 | -6/Factory | Discovered exit to Extension (range 6) 8937 | -6/Factory | Entered Extension 9220 | -6/Extension | Spotted B-75 Beast 9249 | -6/Extension | Destroyed B-75 Beast 9270 | -6/Extension | Spotted B-75 Beast 9283 | -6/Extension | Destroyed B-75 Beast 9308 | -6/Extension | Identified exit to Factory 9308 | -6/Extension | Discovered exit to Factory (range 3) 9475 | -6/Extension | Identified exit to Cetus 9475 | -6/Extension | Discovered exit to Cetus (range 15) 9477 | -6/Extension | Discovered exit to Factory (range 15) 9616 | -6/Extension | Rescued a captive Derelict 9888 | -6/Extension | Build established: Bothacker-Assassin 10061 | -6/Extension | Entered Cetus 10090 | -6/Cetus | Spotted Cetus Guard 10090 | -6/Cetus | Spotted Cetus Guard 10102 | -6/Cetus | Spotted Cetus Guard 10111 | -6/Cetus | Destroyed Cetus Guard 10113 | -6/Cetus | Destroyed Cetus Guard 10118 | -6/Cetus | Destroyed Cetus Guard 10122 | -6/Cetus | Spotted Cetus Guard 10198 | -6/Cetus | Destroyed Cetus Guard 10335 | -6/Cetus | Lost 3 parts (1n2u) 10400 | -6/Cetus | Discovered exit to Factory (range 15) 10442 | -6/Cetus | Build established: Bothacker-Mutant 11111 | -6/Cetus | Identified exit to Archives 11111 | -6/Cetus | Discovered exit to Archives (range 15) 11148 | -6/Cetus | Entered Archives 11240 | -6/Archives | Discovered exit to Factory (range 15) 11257 | -6/Archives | Identified exit to Hub_04(d) 11257 | -6/Archives | Discovered exit to Hub_04(d) (range 15) 11266 | -6/Archives | Lost 3 parts (1p1n1u) 11272 | -6/Archives | Unable to access archive contents 11294 | -6/Archives | Unable to access archive contents 11317 | -6/Archives | Discovered exit to Hub_04(d) (range 15) 11544 | -6/Archives | Entered Hub_04(d) 11682 | -6/Hub_04(d) | Lost 5 parts (3n1u1w) 11927 | -6/Hub_04(d) | Lost 3 parts (1p1n1u) 12187 | -6/Hub_04(d) | Core integrity fell below 50% 12566 | -6/Hub_04(d) | Network Hub disabled 12670 | -6/Hub_04(d) | Spotted Lightning 12676 | -6/Hub_04(d) | Spotted Lightning 12678 | -6/Hub_04(d) | Spotted Lightning 12697 | -6/Hub_04(d) | System corruption reached 10% 12716 | -6/Hub_04(d) | Core integrity fell below 20% 12736 | -6/Hub_04(d) | Destroyed by Lightning with EMDS Last Messages --------------- 12690_ K-01 Serf collects debris. 12691_ EMDS Slug penetrates 0D-VA0(g). 12692_ 0D-VA0(g) system terminally corrupted. 12692_ Penetrated by EMDS Slug. 12693_ K-01 Serf collects debris. 12695_ Penetrated by EMDS Slug. 12695_ Carbon-fiber Leg destroyed. 12696_ Penetrated by EMDS Slug. 12698_ K-01 Serf collects debris. 12699_ Penetrated by EMDS Slug. 12702_ Adv. Datajack destroyed. 12702_ EMDS Slug penetrates Control Node. 12702_ Carbon-fiber Leg destroyed. 12704_ K-01 Serf collects debris. 12705_ >BC:YTIAN%L3OLC,KC#GYD6 12705_ Penetrated by EMDS Slug. 12721_ System corrupted: Component data lost. 12722_ Penetrated by EMDS Slug. 12729_ Hacking Suite destroyed. 12730_ Penetrated by EMDS Slug. Map ----- +----------------------------------------------------+ | + # ## #????# " " # | | "" # # """ ## " #????# " " # | | # # ## """ #????# " " # | | "" # #####+### """"" #????# " " # | | + + """"""" #????# " " # | | "" # + """"" #????# " " # | | "" # #####+### """ #????# " " # | | #### ## ## " #????# " " # | | #### ## """ ## #????# " " # | | ## ## #????# " !! " # | | ## """ #############????# """""|"[""""" # | | ####### #????????????????# ![*" #? | | #?????# """ #####????????????### " " ##? | | #?????# #"""#????????????########" " ####?? | | #?###########"T"###??????????# + " "######? | | #?# #??????????# ## " " " """" # | | #?# """ """ """ #??????????# ## " " " """" # | | #?# #???########+## " " " """ # | | #?# "T" """ """ #???#[ +! " " """ # | | #?# #???# == # " " " # | | ##########+############ == # " " " # | | # =* ]#! " " "####### | | %+ # " "#?????? | | #hi h #####" "#?????? | | ########+#########/### #% """ ###### "#?????? | | ## ## # #h@ ; " ?????? | | " #" ## """ #%##;#############"""###???? | | " #" ## #== #???????# ! ! #???? | | " #" ## """ #!% ######### #???? | | #T ## # + #???? | | " #" ## """ #+############ #???? | | " #" ## # ???????????# " " " #???? | | " #" ## """ #[???????????# " " " #???? | | ## ## # ???????????# " " " #???? | | #### ######????? ???????????# #???? | | ?### #??????????#???????????#####"#####???? | | ## #########??????????????????????????## ???????? | | ####????????????????????????? ??????? | | # ????????????????????????? ?????? | | """" """" # ?????????????????Y??????? ???????? | | """" """" # ????????????????????????? ???????? | | """" """" # ????????????????????????? ??????? | | """" """" # ????????????????????????? ??????? | | ????????????????????????????????????????#???????? | | ????????????????????????????????????????????????? | | ????????????????????????????????????????????????? | | ????????????????????????????????????????????????? | | ????????????????????????????????????????????????? | | ????????????????????????????????????????????????? | | ????????????????????????????????????????????????? | +----------------------------------------------------+ Best States ------------- Heat Dissipation 37 Energy Generation 19 Energy Capacity 315 Matter Stores 600 Matter Capacity 600 Sight Range 22 Terrain Scan Range 20 Terrain Scan Density 85 Additional Mass Support 12 Armor Coverage 600 Resistance: KI 35 Resistance: TH 35 Resistance: EX 35 Resistance: EM 35 Resistance: I 35 Resistance: S 35 Resistance: P 35 Power Shielding 33 Melee Speed Boost 20 Evasion (%) 60 Targeting Accuracy 5 Target Analysis 5 Recoil Reduction 4 Kinecelleration 30 Offensive Hacking 30 Relay Coupler Types 2 Relay Coupler Value 40 Authchip Count 4 Item Schematics ----------------- None Robot Schematics ------------------ None Fabricated ------------ Nothing Alien Tech Used ----------------- None Achievements -------------- Infiltrator Challenges ------------ None Game ------ Seed CryofiberLightpackStabilizer Manual? 0 Play Time 02:43:42 Cumulative 67.9 hours Start 2023.03.09 @ 15:08:24 End 2023.03.13 @ 16:31:55 Sessions 7 Manual Loads 0 Difficulty Explorer Special Mode None Game No. 24 Rogue 2 Adventurer 0 Explorer 22 Win Type - Total 3 Types 2/0/1/0/0/0/0/0/0 Lore% 38 Gallery% 48 Achievement% 44 Wizard Run 0 Options --------- ASCII 0 Keyboard 0 Movement Mouse Keybinds 0 Fullscreen 1 Font 24/Smallcaps Map View 76x50 Tactical HUD 1 Map Filters NONE Filters NONE Steam 1 RUN: d5139c0c-ed75-4e27-9398-ceb1f5268d28